Map: Odyssey LE

Players

DildoBaggins - Winner!

  • Race: Zerg Zerg
  • Spawn Location: 5:00

Tich

  • Race: Terran Terran
  • Spawn Location: 11:00

VOD

Have the link to the VOD?

Description

Time

  • Played on: Nov. 14, 2017, 7:35 a.m.
  • Length: 6:49
Show
View Real Time Build Order
Export as new Build Order

DildoBaggins Zerg - Winner!

Build Orders: Hatch First 

Get SALT Encoding   

  12  0:01  Drone  
  13  0:12  Overlord  
  13  0:17  Drone  
  14  0:30  Drone x2  
  14  0:35  Drone  
  17  0:54  Hatchery  
  16  0:57  Drone  
  17  1:11  Spawning Pool  
  16  1:15  Extractor  
  16  1:16  Drone  
  16  1:20  Drone  
  16  1:23  Drone  
  18  1:32  Drone  
  19  1:39  Overlord  
  19  1:50  Drone  
  20  1:59  Queen  
  22  2:01  Zergling x2  
  22  2:05  Queen  
  22  2:06  Drone  
  26  2:17  Drone  
  26  2:19  Metabolic Boost  
  27  2:24  Drone x2  
  29  2:35  Overlord  
  29  2:40  Drone  
  29  2:41  Queen, Drone  
  33  2:47  Drone  
  33  2:50  Drone  
  35  2:53  Overlord  
  35  2:57  Extractor  
  34  2:59  Extractor  
  34  3:01  Drone  
  34  3:11  Drone x3  
  37  3:16  Drone x3  
  37  3:17  Drone x2  
  42  3:22  Drone  
  42  3:23  Overlord  
  43  3:29  Roach Warren  
  43  3:33  Drone  
  43  3:53  Drone x2  
  43  3:54  Evolution Chamber, Drone x2  
  43  3:55  Evolution Chamber  
  45  3:56  Hatchery, Drone  
  45  3:58  Drone  
  45  4:00  Drone  
  47  4:08  Drone x2  
  49  4:13  Drone  
  50  4:21  Lair  
  50  4:22  Zerg Ground Armor Level 1  
  50  4:23  Zerg Missile Weapons Level 1  
  50  4:24  Overlord  
  50  4:28  Zergling x4  
  52  4:38  Overlord  
  52  4:39  Roach x3  
  58  4:47  Roach x3  
  58  4:48  Roach  
  58  4:51  Spore Crawler  
  65  4:53  Overlord  
  65  4:58  Roach x2  
  69  5:04  Roach x2  
  73  5:08  Queen  
  73  5:10  Roach  
  77  5:20  Drone x4  
  77  5:21  Overlord, Drone  
  82  5:31  Roach x3  
  88  5:38  Overseer x3  
  88  5:40  Roach x2  
  88  5:41  Roach  
  94  5:43  Roach  
  94  5:45  Overlord  
  96  5:52  Extractor  
  96  5:54  Extractor  
  96  5:56  Roach x2  
  98  5:58  Overlord  
  98  6:07  Roach x2  
  102  6:11  Overlord x3  
Show
View Real Time Build Order
Export as new Build Order

Tich Terran 

Build Orders:  

Get SALT Encoding   

  12  0:01  SCV  
  13  0:17  SCV  
  14  0:29  SCV  
  14  0:31  Supply Depot  
  15  0:41  Refinery  
  15  0:53  SCV  
  15  0:55  Barracks  
  16  1:05  SCV  
  17  1:17  SCV  
  18  1:29  Command Center  
  18  1:32  SCV  
  19  1:42  Supply Depot  
  19  1:46  Marine  
  20  2:00  SCV  
  21  2:03  Marine  
  22  2:13  Orbital Command  
  22  2:21  Factory  
  22  2:22  Marine  
  23  2:40  Marine  
  24  2:48  SCV  
  24  2:49  Engineering Bay  
  25  2:52  Orbital Command  
  25  3:00  SCV  
  25  3:03  Barracks Tech Lab  
  26  3:21  Starport  
  26  3:25  SCV  
  29  3:27  Refinery  
  29  3:28  SCV  
  29  3:31  Widow Mine  
  30  3:37  SCV  
  30  3:40  Marine, SCV  
  33  3:49  SCV  
  33  3:52  SCV  
  35  3:56  Stimpack  
  35  3:57  Medivac  
  35  3:58  Marine  
  35  4:02  SCV  
  39  4:04  SCV  
  40  4:10  Supply Depot  
  40  4:11  Terran Infantry Weapons Level 1, Supply Depot  
  40  4:14  SCV  
  40  4:16  SCV  
  42  4:17  Missile Turret  
  42  4:18  Marine  
  43  4:26  SCV  
  43  4:27  Barracks  
  43  4:28  SCV  
  45  4:36  Marine  
  46  4:57  Bunker  
  46  5:01  Marine  
  46  5:04  Medivac  
  51  5:10  SCV x2  
  51  5:11  Widow Mine, Command Center  
  51  5:12  Barracks, Refinery  
  51  5:13  Refinery  
  54  5:15  Barracks Reactor  
  54  5:19  Marine  
  54  5:21  Supply Depot  
  54  5:22  SCV x2  
  56  5:34  SCV x2  
  58  5:41  Supply Depot  
  58  5:46  SCV x2  
  60  5:58  SCV  
  60  6:00  Supply Depot  
  60  6:01  Marine x3  
  60  6:04  Medivac  
  66  6:19  Marine x3  
Tags
 
Matchup
TvZ
Spawn Locations
Cross Positions
Add a new tag
Caveats
  • Supply blocks, unpowered buildings, or Contaminate may cause inaccurate times.
  • Supply counts are checked every 10 seconds.